 Dungeon Crawl Stone Soup version 0.32-a0-931-g5a2cda0630 (webtiles) character file.

Game seed: 17044207351430302189

20 GiantSquids the Ruffian (level 2, 18/18 HPs)
             Began as an Octopode Shapeshifter on Apr 14, 2024.
             Was a High Priest of Ignis.
             Quit the game on level 1 of the Dungeon.
             The game lasted 00:00:45 (421 turns).

GiantSquids the Ruffian (Octopode Shapeshifter)      Turns: 421, Time: 00:00:46

Health: 18/18      AC:  1    Str: 13    XL:     2   Next: 79%
Magic:  2/2        EV: 12    Int: 12    God:    Ignis [*****.]
Gold:   74         SH:  0    Dex: 11    Spells: 1/1 levels left

rFire   + .          .
                       - Unarmed
rCold   . . .        (no shield)
rNeg    . . .        (helmet currently unavailable)
rPois   .            (no amulet)
rElec   .            (no ring)
rCorr   .            (no ring)
SInv    .            (no ring)
Will    .....        (no ring)
Stlth   ++           (no ring)
HPRegen 0.23/turn    (no ring)
MPRegen 0.08/turn    (no ring)
                     (no ring)

%: no passive effects
@: beast-form
A: beast (slay +1), almost no armour, amphibious, 8 rings, camouflage 1,
gelatinous body 1, (nimble swimmer 1), tentacles
a: Begin Untransformation, Renounce Religion, Fiery Armour, Foxfire Swarm,
Rising Flame


You were on level 1 of the Dungeon.
You worshipped Ignis.
Ignis was extremely pleased with you.
You were a hulking beast.
You visited 1 branch of the dungeon, and saw 1 of its levels.

You collected 74 gold pieces.

Inventory:

Missiles
 f - 11 stones (quivered)
Talismans
 b - a beast talisman (active)
 c - a flux talisman
Scrolls
 e - 2 scrolls of fog {unknown}
 g - a scroll of enchant weapon {unknown}
 h - a scroll of poison {unknown}
Potions
 a - a potion of lignification
 d - a potion of heal wounds {unknown}
 i - a potion of ambrosia {unknown}


   Skills:
 - Level 1.0 Fighting
 - Level 2.0 Dodging
 + Level 4.0 Unarmed Combat
 - Level 3.0 Shapeshifting


You had one spell level left.
You didn't know any spells.
Your spell library was empty.

Dungeon Overview and Level Annotations

Branches:
Dungeon (1/15)

Altars:
Ignis


Innate Abilities, Weirdness & Mutations

You are a hulking beast.
Your limbs bulge with bestial killing power. (Slay +1)
You cannot wear most types of armour.
You are amphibious.
You can wear up to eight rings at the same time.
Your skin changes colour to match your surroundings (Stealth+).
Your rubbery body absorbs attacks. (AC +1, EV +1)
((You are camouflaged when in or above water. (Stealth+)))
You have tentacles for arms and can constrict up to eight enemies at once.


Message History

There is an open door here.
You tentacle-slap the endoplasm. You squeeze the endoplasm.
You kill the endoplasm!
The rat bites you.
You tentacle-slap the rat. You grab the rat. You squeeze the rat.
You kill the rat!
No target in view!
You open the door. 3 jackals come into view.
Found a faded altar of an unknown god.
There are monsters nearby!
There is an open door here.
The helpless jackal fails to defend itself.
You tentacle-slap the jackal. Your grab misses the jackal.
The jackal is almost dead.
The jackal closely misses you. The jackal bites you.
You barely miss the jackal. You grab the jackal.
The jackal is almost dead.
You constrict the jackal.
You kill the jackal!
The jackal barks! x2
You tentacle-slap the jackal. You grab the jackal.
The jackal is almost dead.
You constrict the jackal.
You kill the jackal!
The jackal closely misses you.
You see here a jackal corpse.
You tentacle-slap the jackal. Your grab misses the jackal.
The jackal is heavily wounded.
The jackal misses you. x2
You tentacle-slap the jackal.
You kill the jackal!
Your Unarmed Combat skill increases to level 4!
No target in view!
You see here a jackal corpse.
There is a faded altar of an unknown god here.
This altar belongs to (a) Okawaru, (b) Gozag or (c) Ignis, but you can't tell which.
Press the corresponding letter to learn more about a god, or press enter to convert or escape to cancel.
Ignis accepts your prayer! Ignis welcomes you!
Are you sure you want to abandon this character and quit the game? (Confirm with "yes".)

# ################
##...............
##..♣♣♣♣♣♣.###PPPP
##..♣♣P.♣÷♣...#P...
##..♣♣P.#####.......
#..♣♣PPP#...#..#P...
#.♣♣P..P#...♣..#PPPP
#.♣h..††'.߆'..###.#
#.♣♣P♣PP#...♣..# #..
#..♣♣PPP#...#..# ###
##..♣♣.P#####..#
#...♣♣PP♣÷♣..##
#.#..♣♣♣♣♣♣..# #
#.##.........######
#..#####.........##
##.########.#.#..##


There were no monsters in sight!

Vanquished Creatures
  A dart slug (D:1)
  2 endoplasms (D:1)
  A giant cockroach (D:1)
  A goblin (D:1)
  4 hobgoblins (D:1)
  3 jackals (D:1)
  3 rats (D:1)
15 creatures vanquished.

Notes
Turn   | Place    | Note
-------+----------+-------------------------------------------
     0 | D:1      | GiantSquids the Octopode Shapeshifter began the quest for
                  | the Orb.
     0 | D:1      | Reached XP level 1. HP: 13/13 MP: 1/1
   218 | D:1      | Reached XP level 2. HP: 12/18 MP: 2/2
   408 | D:1      | Found a faded altar of an unknown god.
   416 | D:1      | Reached skill level 4 in Unarmed Combat
   420 | D:1      | Prayed at the altar of an unknown god.
   420 | D:1      | Became a worshipper of Ignis, the Dying Flame
   421 | D:1      | Quit the game

Illustrated notes

Levels and vault maps discovered:
D:1:      giann_horns, layout_loops_ring, dilly_ecumenical_altar_fadedgnrine,
          hex_tiny, hangedman_abyss_or_decor_lesser_grid,
          minmay_gold_behind_fungi, minmay_tetromino_t4

Skill      XL: |  1  2 |
---------------+-------+-----
Unarmed Combat | 4 |  4.0
Fighting       | |  1.0
Dodging        | |  2.0
Shapeshifting  | |  3.0

Action                     || total
---------------------------++-------
  Melee: Unarmed           ||    28
         Constrict         ||    10
         Tentacles         ||     9
   Stab: Sleeping          ||     1
 Armour: Skin              ||     9
  Dodge: Dodged            ||    12

Table legend: (Time is in decaauts)
 A = Elapsed time spent in this place.
 B = Non-inter-level travel time spent in this place.
 C = Inter-level travel time spent in this place.
 D = Time resting spent in this place.
 E = Time spent auto-exploring this place.
 F = Levels seen in this place.
 G = Mean time per level.
                   A        B        C        D        E       F      G
               +--------+--------+--------+--------+--------+-----+--------+
         Total |    419 |    419 |      0 |      0 |    333 |   1 |  419.0 |
       Dungeon |    419 |    419 |      0 |      0 |    333 |   1 |  419.0 |
               +--------+--------+--------+--------+--------+-----+--------+

Top non-repeatable levels by time:
     D:1: 419 daAuts
